 Dungeon Crawl Stone Soup version bcrawl-1.12-8-g964540c432 (webtiles) character file.

Game seed: 10349719240242068137

88 MisterOstroum the Sneak (level 4, -17/30 HPs)
             Began as a Dusk Walker Archaeologist on June 4, 2019.
             Killed from afar by a goblin (47 damage)
             ... with an exploding inner flame
             ... hexed by the player character
             ... on level 2 of the Dungeon.
             The game lasted 00:05:50 (1409 turns).

MisterOstroum the Sneak (Dusk Walker Archaeologist) Turns: 1409, Time: 00:05:50

Health: -17/30     AC: 10    Str: 11    XL:     4   Next: 30%
Magic:  4/4        EV:  9    Int: 14    God:
Gold:   104        SH:  0    Dex: 13    Spells: 3/3 levels left

rFire    . . .     SeeInvis .   h - +0 short sword
rCold    . . .     Gourm    .   (no shield)
rNeg     . . .     Faith    .   p - +0 ring mail
rPois    .         Spirit   .   b - +1 hat
rElec    .         Reflect  .   (no cloak)
rCorr    .         Harm     .   d - +1 pair of gloves
MR       .....                  c - +1 pair of boots
Stlth    ++++......             (no amulet)
HPRegen  0.10/turn              q - -2 ring of evasion (curse)
MPRegen  0.09/turn              (no ring)

@: studying Staves
A: draining touch, unencumbered stealth, fangs 2, nightstalker 1
a: no special abilities


You were on level 2 of the Dungeon.
You were not hungry.

You visited 1 branch of the dungeon, and saw 2 of its levels.

You collected 104 gold pieces.

Inventory:

Hand Weapons
 h - a +0 short sword (weapon)
Missiles
 k - 286 stones (quivered)
 n - 104 javelins
Armour
 a - a +2 robe
 b - a +1 hat (worn)
 c - a +1 pair of boots (worn)
 d - a +1 pair of gloves (worn)
 p - a +0 ring mail (worn)
Jewellery
 q - a cursed -2 ring of evasion (left hand)
Scrolls
 i - a scroll of blinking {@r4}
Potions
 j - a potion of mutation
 m - a potion of brilliance {unknown}
Books
 g - a manual of Staves
Miscellaneous
 f - an ancient crate
Comestibles
 e - 3 rations {!d}
 o - 7 chunks of flesh


   Skills:
 + Level 2.9 Fighting
 - Level 1.1 Short Blades
 * Level 4.3 Staves
 - Level 3.0 Dodging
 - Level 5.2 Stealth


You had 3 spell levels left.
You didn't know any spells.
Your spell library was empty.

Dungeon Overview and Level Annotations

Branches:
Dungeon (2/12)

Altars:


Innate Abilities, Weirdness & Mutations

Your attacks drain your enemies.
You move stealthily even while encumbered by armour.
You have extremely sharp teeth.
You are slightly more attuned to the shadows.


Message History

The dart slug is almost dead.
You kill the dart slug!
Your Staves skill increases to level 4!
No target in view!
Found 79 arrows.
You see here a kobold corpse.
A worm comes into view.
A worm is nearby!
The helpless worm fails to defend itself.
You puncture the worm!
The worm is almost dead.
You hit the worm.
You kill the worm!
You see here a worm corpse.
You butcher the worm corpse.
o - a chunk of flesh A goblin comes into view.
You see here 22 gold pieces.
The helpless goblin fails to defend itself.
You puncture the goblin!
You kill the goblin!
You now have 94 gold pieces (gained 22).
You see here a goblin corpse.
You butcher the goblin corpse.
o - 3 chunks of flesh (gained 2)
You see here a goblin skeleton.
A hobgoblin comes into view. It is wielding a +0 club.
A goblin comes into view. It is wielding a +0 club.
The helpless goblin fails to defend itself.
You puncture the goblin!
You kill the goblin!
The hobgoblin shouts!
The hobgoblin hits you with a +0 club.
You hit the hobgoblin.
You kill the hobgoblin!
Things that are here:
a +0 club; a +0 ring mail There isn't anything to butcher here.
Things that are here:
a +0 club; a goblin corpse
Things that are here:
a +0 club; a +0 ring mail
p - a +0 ring mail
Things that are here:
a +0 club; a goblin corpse You butcher the goblin corpse.
o - 6 chunks of flesh (gained 3)
Things that are here:
a +0 club; a goblin skeleton Wear which item? (? for menu, Esc to quit)
You start removing your armour.
You continue taking off your +2 robe. x4
You finish taking off your +2 robe.
You start putting on your armour.
You continue putting on your +0 ring mail. x5
You finish putting on your +0 ring mail.
HP restored.
Found a stone staircase leading down.
A quokka comes into view.
A quokka is nearby!
The helpless quokka fails to defend itself.
You puncture the quokka!
You kill the quokka!
You see here a quokka corpse.
You butcher the quokka corpse.
o - 8 chunks of flesh (gained 2)
You see here a quokka skeleton.
Found a ring mail.
A gnoll comes into view. It is wielding a +0 halberd.
Press: ? - help, v - describe, . - travel, g - get item A ring mail.
The floor.
Unknown command.
Found a stone staircase leading up.
Found 12 gold pieces.
There is a stone staircase leading up here.
Really walk into that teleport trap?
You enter a teleport trap!
The teleport trap disappears.
Your surroundings suddenly seem different.
You now have 104 gold pieces (gained 10).
You are feeling hungry.
Eating one of 8 chunks of flesh.
You eat one of the 8 chunks of flesh.
This raw flesh tastes terrible.
Found 125 arrows.
r - a scroll labeled UDAPONOUHE The goblin is too close now for your liking.
As you read the scroll labeled MYT WOSMABB, it crumbles to dust.
It is a scroll of identify.
j - a potion of mutation Blink to where?
Press: ? - help, Dir - move target cursor, f - you
Okay, then.
As you read the scroll labeled UDAPONOUHE, it crumbles to dust.
The creatures around you are filled with an inner flame!
It was a scroll of immolation.
A ball python comes into view.
The helpless goblin fails to defend itself.
The goblin explodes!
The fiery explosion engulfs you!
Ouch! That really hurt!
You die...

#..#.## #.........
#.###.###.#### #.
##...#.#.##.# #.
#.....###.#.####
#. #...S.#
##.....####.
#.....
##.#.##...... #§§§
.#....#######.
##§#
#........####.
#@#...............
#.####.##.##.####.
#.# ##.##......##.
#.###...#..###.##.
#.........(# #....
#####...##.###...#
##.###......## #.#
######..#
#.#########..


You could see a ball python (wandering).

Vanquished Creatures
  A crimson imp (D:2)
  2 worms
  A dart slug (D:2)
  3 leopard geckos (D:1)
  A ball python (D:1)
  4 bats (D:1)
  8 giant cockroaches
  3 goblins
  4 hobgoblins
  2 quokkas (D:2)
  3 frilled lizards (D:1)
  4 kobolds
  5 rats (D:1)
41 creatures vanquished.

Notes
Turn   | Place    | Note
-------+----------+-------------------------------------------
     0 | D:1      | MisterOstroum the Dusk Walker Archaeologist began the quest
                  | for the Orb.
     0 | D:1      | Reached XP level 1. HP: 13/13 MP: 1/1
   278 | D:1      | Reached XP level 2. HP: 19/19 MP: 2/2
   365 | D:1      | Reached skill level 5 in Stealth
   469 | D:1      | Reached skill level 1 in Short Blades
   683 | D:1      | Reached XP level 3. HP: 25/25 MP: 3/3
   994 | D:1      | Reached skill level 1 in Staves
  1070 | D:2      | Noticed an ogre
  1154 | D:2      | Gained mutation: You are slightly more attuned to the
                  | shadows. [Dusk Walker growth]
  1154 | D:2      | Reached XP level 4. HP: 30/30 MP: 4/4
  1409 | D:2      | Killed from afar by a goblin

Skill      XL: |  1  2  3  4 |
---------------+-------------+-----
Fighting       | 2 |  2.9
Stealth        | 5 |  5.2
Short Blades   | 1 |  1.1
Staves         | 3 4 |  4.3
Dodging        | |  3.0

Action                   |  1- 3 |  4- 6 || total
-------------------------+-------+-------++-------
Melee: Short sword       |    60 |    22 ||    82
       Bite              |     1 |     1 ||     2
Throw: Stone             |    13 |     3 ||    16
  Use: Scroll            |     3 |     2 ||     5
 Stab: Sleeping          |    11 |     5 ||    16
       Distracted        |       |     1 ||     1
  Eat: Chunk             |     1 |     1 ||     2
Armor: Robe              |    19 |     8 ||    27
Dodge: Dodged            |    47 |     6 ||    53
